 Dungeon Crawl Stone Soup version 0.30-a0-174-gbc10bd73c2 (webtiles) character file.

Game seed: 151228298912386387

98 qw the Chopper (level 4, -9/28 HPs)
             Began as a Gargoyle Fighter on Oct 1, 2022.
             Mangled by an ogre
             ... wielding a +0 giant club
              (26 damage)
             ... on level 3 of the Dungeon.
             The game lasted 00:00:41 (1629 turns).

qw the Chopper (Gargoyle Fighter)                   Turns: 1629, Time: 00:00:41

Health: -9/28      AC: 10    Str: 21 (22) XL:     4   Next: 69%
Magic:  4/4        EV:  9    Int:  6 (8)  God:
Gold:   57         SH:  4    Dex:  7 (9)  Spells: 3/3 levels left

rFire   . . .      SeeInvis .    Y - +0 war axe (elec)
rCold   . . .      Faith    .    c - +0 buckler
rNeg    + . .      Spirit   .    b - +0 scale mail
rPois   inf        Reflect  .    (no helmet)
rElec   +          Harm     .    (no cloak)
rCorr   .          Rampage  .    (no gloves)
Will    .....                    (no boots)
Stlth   ..........               (no amulet)
HPRegen 0.24/turn                (no ring)
MPRegen 0.09/turn                (no ring)

@: no status effects
A: sickness immunity, AC +3, negative energy resistance 1, electricity
resistance, torment resistance 1, petrification resistance
a: no special abilities


You were on level 3 of the Dungeon.
You visited 1 branch of the dungeon, and saw 3 of its levels.

You collected 126 gold pieces.
You spent 69 gold pieces at shops.


Innate Abilities, Weirdness & Mutations

You are immune to sickness and miasma.
Your stone body is resilient. (AC +3)
You are immune to poison.
You resist negative energy. (rN+)
You are resistant to electric shocks. (rElec)
You are resistant to unholy torment.
You are immune to petrification.


   Skills:
 - Level 3.2 Fighting
 + Level 4.3 Axes
 - Level 3.2 Armour
 - Level 3.2 Shields


You had 3 spell levels left.
You didn't know any spells.
Your spell library was empty.

Inventory:

Hand Weapons
 h - a +0 whip
 Y - a +0 war axe of electrocution (weapon)
Armour
 b - a +0 scale mail (worn)
 c - a +0 buckler (worn)
Scrolls
 a - a scroll of identify
 f - a scroll of vulnerability {unknown}
 j - a scroll of teleportation
Potions
 d - 2 potions of might
 e - a potion of resistance {unknown}
 g - 2 potions of mutation
 i - a potion of heal wounds

Dungeon Overview and Level Annotations

Branches:
Dungeon (3/15)

Altars:

Shops:
D:2 *


Message History

g - 2 potions of mutation (gained 1)
You open the door.
An orc comes into view. It is wielding a +0 hand axe.
The orc shouts!
There is an open door here.
Enter note: You closely miss the orc.
You block the orc's attack.
You slash the orc!
You kill the orc!
You see here a +0 hand axe.
You open the door.
Found 5 stones.
There is an open door here.
A kobold comes into view. It is wielding a +0 whip.
Found 9 gold pieces.
You barely miss the kobold. The kobold closely misses you.
You closely miss the kobold.
The kobold hits you but does no damage. x2
You closely miss the kobold. The kobold hits you with a +0 whip.
You barely miss the kobold. The kobold hits you but does no damage.
You barely miss the kobold. The kobold barely misses you.
The kobold hits you with a +0 whip.
You hit the kobold. Lightning courses through the kobold!
You kill the kobold!
You start resting.
HP restored.
An ogre comes into view. It is wielding a +0 giant club.
The ogre shouts!
You hit the ogre.
The ogre is moderately wounded.
The ogre hits you with a +0 giant club!
You hit the ogre.
The ogre is moderately wounded.
The ogre hits you with a +0 giant club!!
Ouch! That really hurt!
You die...

#. #. #.# #.#
#.# ##.##
##...####### #.#
#...@O$..... #.#
...###...#####..
#.# ......)..#
#.# ...####.##
#.# #.# #.# #.#
#.# ##'## #. #.#
#.# ##...##
#.#####.# #.##
##.....##
#.......#
###..##
##.......#
#.......#


You could see an ogre.

Vanquished Creatures
  Natasha (D:2)
  2 adders
  2 worms (D:2)
  A dart slug (D:2)
  An orc (D:3)
  6 endoplasms
  2 giant cockroaches (D:2)
  5 goblins
  4 hobgoblins
  4 kobolds
  A quokka (D:1)
  4 ball pythons
  2 bats
  3 frilled lizards
  6 rats
44 creatures vanquished.

Notes
Turn   | Place    | Note
-------+----------+-------------------------------------------
     0 | D:1      | qw the Gargoyle Fighter began the quest for the Orb.
     0 | D:1      | Reached XP level 1. HP: 14/14 MP: 1/1
     0 | D:1      | 0 ||| qw: Version: 0.2-a-13-gfc7b4b4
     0 | D:1      | 0 ||| qw: Game counter: 1870
     0 | D:1      | 0 ||| qw: Always use a shield: true
     0 | D:1      | 0 ||| qw: God list: Okawaru
     0 | D:1      | 0 ||| qw: Allow faded altars: false
     0 | D:1      | 0 ||| qw: Do Orc after D:15 true
     0 | D:1      | 0 ||| qw: Do second Lair branch before Depths: true
     0 | D:1      | 0 ||| qw: Lair rune preference: random
     0 | D:1      | 0 ||| qw: Plans: Normal, Zot:1-4, God:TSO, Crypt, Tomb,
                  | Pan, Slime:5, Hells, Abyss, Orb
     0 | D:1      | 0 ||| PLANNING D:1-11
    61 | D:1      | Reached skill level 2 in Axes
   144 | D:1      | Reached XP level 2. HP: 19/19 MP: 2/2
   359 | D:1      | Found a faded altar of an unknown god.
   558 | D:1      | 558 ||| READING scroll labelled TESEITZIPEEFUL.
   580 | D:2      | 580 ||| Stepping ~*~*~tactically~*~*~ (stealth).
   583 | D:2      | 583 ||| Stepping ~*~*~tactically~*~*~ (stealth).
   585 | D:2      | Reached skill level 3 in Axes
   604 | D:2      | Reached XP level 3. HP: 23/23 MP: 3/3
   605 | D:2      | 605 ||| DROPPING +0 club.
   766 | D:2      | 766 ||| Stepping ~*~*~tactically~*~*~ (hiding).
  1075 | D:2      | Noticed Natasha
  1097 | D:2      | 1097 ||| Stepping ~*~*~tactically~*~*~ (stealth).
  1098 | D:2      | 1098 ||| Stepping ~*~*~tactically~*~*~ (stealth).
  1215 | D:2      | Reached XP level 4. HP: 28/28 MP: 4/4
  1231 | D:2      | Killed Natasha
  1232 | D:2      | Reached skill level 4 in Axes
  1256 | D:2      | Found Heung's Assorted Antiques.
  1266 | D:2      | 1266 ||| BUYING cyan potion (22 gold).
  1266 | D:2      | Bought a cyan potion for 22 gold pieces
  1266 | D:2      | 1266 ||| BUYING cyan potion (22 gold).
  1266 | D:2      | Bought a cyan potion for 22 gold pieces
  1266 | D:2      | 1266 ||| SHOPLISTING potion of might (100 gold, have 43).
  1266 | D:2      | 1266 ||| SHOPLISTING runed buckler (187 gold, have 43).
  1266 | D:2      | 1266 ||| BUYING scroll labelled GESHEM KEESIPRU (25 gold).
  1266 | D:2      | Bought a scroll labelled GESHEM KEESIPRU for 25 gold pieces
  1266 | D:2      | 1266 ||| SHOPLISTING sedimented red potion (22 gold, have
                  | 18).
  1349 | D:2      | 1349 ||| READING 3 scrolls labelled GESHEM KEESIPRU.
  1350 | D:2      | 1350 ||| READING scroll labelled NYCU COSME.
  1351 | D:2      | 1351 ||| READING 3 scrolls labelled URO SIHIQIC.
  1352 | D:2      | 1352 ||| READING 2 scrolls labelled WOLUTT YBLA.
  1356 | D:2      | 1356 ||| READING scroll labelled TEN MUYN TUKH.
  1357 | D:2      | 1357 ||| DRINKING 2 pink potions.
  1358 | D:2      | 1358 ||| DRINKING 2 cyan potions.
  1359 | D:2      | 1359 ||| READING 2 scrolls of identify.
  1359 | D:2      | 1359 ||| IDENTIFYING purple potion
  1360 | D:2      | 1360 ||| DROPPING 2 scrolls of fear.
  1361 | D:2      | 1361 ||| DROPPING potion of degeneration.
  1623 | D:3      | Noticed an ogre
  1629 | D:3      | Mangled by an ogre

Levels and vault maps discovered:
D:1:      dpeg_arrival_central, layout_basic, ebering_ecumenical_altar_mist
D:2:      layout_rooms, serial_shops, shop, serial_co_window_serial,
          co_window_corner_a, co_window_cross_1, co_window_of_opportunity_a,
          co_window_paths_a, co_window_corner_a, co_window_corner_a,
          co_window_broadway_c, co_window_unsneaky_path_c, co_window_broadway_a,
          co_window_of_opportunity_b, co_window_unsneaky_path_c,
          glass_columns_a, glass_columns_a, glass_columns_a, glass_columns_a,
          st_stairs_7, uniq_natasha
D:3:      layout_loops_corners

Skill      XL: |  1  2  3  4 |
---------------+-------------+-----
Axes           | 2 3 4 |  4.3
Fighting       | |  3.2
Armour         | |  3.2
Shields        | |  3.2

Action                   |  1- 3 |  4- 6 || total
-------------------------+-------+-------++-------
Melee: War axe           |    78 |    26 ||   104
Throw: Boomerang         |    28 |       ||    28
  Use: Scroll            |     1 |     6 ||     7
       Potion            |       |     2 ||     2
Armor: Scale mail        |    35 |     7 ||    42
Dodge: Dodged            |    31 |     9 ||    40
Block: Buckler           |    11 |     3 ||    14

Table legend:
 A = Non-vault XP
 B = Vault XP
 C = Vault XP percentage of total XP
 D = Non-vault monster count
 E = Vault monster count
 F = Vault count percentage of total count
                 A         B        C        D         E       F
            +---------+---------+-------+---------+---------+-------
      Total |     101 |      39 |  27.9 |      42 |       2 |   4.5
            +---------+---------+-------+---------+---------+-------
        D:1 |      27 |       0 |   0.0 |      16 |       0 |   0.0
        D:2 |      54 |      39 |  41.9 |      21 |       2 |   8.7
        D:3 |      20 |       0 |   0.0 |       5 |       0 |   0.0
            +---------+---------+-------+---------+---------+-------
